 Dungeon Crawl Stone Soup version 0.30.0-29-ga12c61a403 (webtiles) character file.

Game seed: 12535699014657424084

13780 ChadusMaximus the Blocker (level 12, -6/98 HPs)
             Began as a Formicid Fighter on June 19, 2023.
             Was a High Priest of Okawaru.
             Mangled by a wolf simulacrum (13 damage)
             ... in a Gauntlet.
             The game lasted 00:15:53 (9315 turns).

ChadusMaximus the Blocker (Formicid Fighter)        Turns: 9315, Time: 00:15:53

Health: -6/98      AC: 27    Str: 25    XL:     12   Next: 37%
Magic:  16/18      EV:  9    Int:  7    God:    Okawaru [*****.]
Gold:   236        SH: 14    Dex: 15    Spells: 11/11 levels left

rFire   + . .        h - +5 flail of Unpleasantness {venom, rN+ rCorr Dex-4}
rCold   x . .        d - +0 kite shield {AC+3}
rNeg    + . .        F - +0 plate armour
rPois   .            (helmet unavailable)
rElec   .            A - +0 cloak
rCorr   +            I - +2 pair of gloves
SInv    +            n - +0 pair of boots of Hioxtiqa {rF+ Regen+}
Will    +....        H - amulet of faith Stlth
                     v - +6 ring of dexterity
HPRegen 1.16/turn    (no ring)
MPRegen 0.16/turn

%: faith
@: heroic
A: permanent stasis, dig shafts and tunnels, antennae 3, four strong arms, dopey
1, cold vulnerability 1
a: Dig, Renounce Religion, Heroism, Finesse, Duel


You were in a Gauntlet.
You worshipped Okawaru.
Okawaru was extremely pleased with you.
You visited 2 branches of the dungeon, and saw 12 of its levels.
You also visited: Bailey and Gauntlet.

You collected 431 gold pieces.
You spent 195 gold pieces at shops.

Inventory:

Hand Weapons
 a - a +0 war axe
 h - the +5 flail of Unpleasantness (weapon) {venom, rN+ rCorr Dex-4}
   (You took it off a spriggan in a bailey)

   Dex:       It affects your dexterity (-4).
   rN:        It protects you from negative energy.
   rCorr:     It protects you from acid and corrosion.
Missiles
 j - a throwing net
 J - 6 boomerangs
Armour
 d - a +0 kite shield of protection (worn)
 n - the +0 pair of boots of Hioxtiqa (worn) {rF+ Regen+}
   (You found it on level 2 of the Dungeon)

   rF:        It protects you from fire.
   Regen:     It increases your rate of health regeneration.
 x - a +0 chain mail
 A - a +0 cloak (worn)
 F - a +0 plate armour (worn)
 I - a +2 pair of gloves (worn)
Jewellery
 v - a +6 ring of dexterity (left hand)
 z - an amulet of the acrobat
 D - a ring of magical power
 H - an amulet of faith (around neck)
Wands
 c - a wand of iceblast (14)
 w - a wand of polymorph (11)
 E - a wand of paralysis (8)
Scrolls
 b - a scroll of noise
 e - a scroll of brand weapon {unknown}
 g - 3 scrolls of enchant weapon
 l - 2 scrolls of vulnerability
 m - 2 scrolls of magic mapping
 o - 8 scrolls of teleportation
 p - a scroll of silence
 s - 3 scrolls of enchant armour
 y - 3 scrolls of blinking {unknown}
 G - a scroll of immolation {unknown}
Potions
 f - 2 potions of haste {unknown}
 i - 3 potions of heal wounds {unknown}
 k - 7 potions of curing
 q - 6 potions of mutation {unknown}
 r - a potion of flight {unknown}
 t - 2 potions of attraction {unknown}
 u - 2 potions of berserk rage {unknown}
 C - a potion of degeneration {unknown}


   Skills:
 + Level 10.3(15.3) Fighting
 + Level 9.1(14.1) Axes
 * Level 3.0(8.0) Throwing
 + Level 10.3(15.3) Armour
 + Level 12.3(17.3) Shields
 - Level 8.0 Invocations


You had 11 spell levels left.
You didn't know any spells.
Your spell library contained the following spells:

 Spells                   Type           Power      Damage    Failure   Level
 Cigotuvi's Dreadful Rot  Necr/Pois/Air  0%         N/A       100%        2
 Ensorcelled Hibernation  Hex/Ice        0%         N/A       100%        2
 Gell's Gravitas          Tloc           0%         N/A       100%        3
 Ignite Poison            Fire/Tmut/Pois 0%         N/A       100%        3
 Ozocubu's Armour         Ice            0%         N/A       100%        3
 Spider Form              Tmut/Pois      0%         N/A       100%        3
 Teleport Other           Tloc           0%         N/A       100%        3
 Anguish                  Hex/Necr       0%         N/A       100%        4
 Freezing Cloud           Conj/Ice/Air   0%         6-21      100%        5
 Metabolic Englaciation   Hex/Ice        0%         N/A       100%        5
 Conjure Ball Lightning   Conj/Air       0%         3x3d6     100%        6
 Dispersal                Tloc           0%         N/A       100%        6
 Storm Form               Tmut/Air       0%         N/A       100%        7
 Discord                  Hex            0%         N/A       100%        8
 Disjunction              Tloc           0%         N/A       100%        8
 Maxwell's Capacitive Co  Air            0%         ∞         100%        8
 Summon Lightning Spire   Summ/Air       Unusable   N/A       N/A         4
 Simulacrum               Ice/Necr       Unusable   N/A       N/A         6

Dungeon Overview and Level Annotations

Branches:
Dungeon (11/15)            Temple (1/1) D:6            Lair (0/5) D:10
    Orc (0/2) D:11         Bailey (visited)         Gauntlet (1/1)

Altars:
Cheibriados
Elyvilon
Fedhas
Gozag
Hepliaklqana
Makhleb
Nemelex Xobeh
Okawaru
Qazlal
Ru
Trog
Vehumet
Wu Jian
Xom
Yredelemnul
Zin
The Shining One

Shops:
D:2 =   D:5 :   D:7 [*[=*

Annotations:
Gauntlet 13 transporters


Innate Abilities, Weirdness & Mutations

You cannot be hasted, slowed, berserked, paralysed or teleported.
You can dig through walls and to a lower floor.
You have a pair of large antennae on your head. (SInv)
Your four strong arms can wield two-handed weapons with a shield.
You are dopey. (Int -2)
You are vulnerable to cold. (rC-)


Message History

The wolf bites you but does no damage.
You block the wolf simulacrum's attack. x2
The wolf bites you.
The wolf simulacrum bites you but does no damage.
The wolf simulacrum bites you. The wolf simulacrum freezes you.
You feel a terrible chill!
* * * LOW HITPOINT WARNING * * *
You barely miss the wolf simulacrum.
The wolf simulacrum is severely damaged.
You block the wolf's attack.
The wolf simulacrum bites you but does no damage.
You block the wolf simulacrum's attack. The wolf bites you but does no damage.
The wolf simulacrum bites you but does no damage.
The wolf simulacrum barely misses you.
You gain the combat prowess of a mighty hero.
The wolf bites you!
* * * LOW HITPOINT WARNING * * *
The wolf simulacrum bites you but does no damage.
You block the wolf simulacrum's attack. The wolf barely misses you.
You closely miss the wolf. You block the wolf simulacrum's attack.
The wolf simulacrum closely misses you. The wolf bites you but does no damage.
The wolf simulacrum bites you.
* * * LOW HITPOINT WARNING * * *
The wolf simulacrum freezes you!
You feel a terrible chill!
* * * LOW HITPOINT WARNING * * *
You block the wolf simulacrum's attack. The wolf bites you but does no damage.
You barely miss the wolf. You block the wolf's attack.
You block the wolf simulacrum's attack. The wolf simulacrum barely misses you.
You closely miss the wolf. The wolf misses you.
You block the wolf simulacrum's attack.
The wolf simulacrum bites you but does no damage.
The wolf bites you but does no damage.
You closely miss the wolf.
The wolf simulacrum bites you but does no damage. x2
The wolf bites you!
* * * LOW HITPOINT WARNING * * *
You block the wolf simulacrum's attack. x2
The wolf barely misses you. The wolf simulacrum bites you.
* * * LOW HITPOINT WARNING * * *
The wolf simulacrum freezes you!
You feel a terrible chill!
You die...

#############
#≈#≈#≈#≈#≈#≈###
##...........#≈### #
#≈.............#≈# #
##..#########....### ###
#≈..#..8#8..#.....≈# #≈.
##..#...8...####..## ##.
#§..#8.8Z8.!#..#..≈# #≈.
##.©##8@Z.8©#©.#..## ##.
#≈..#8.8h8.[#..#..≈###§.
##..#...8...#..#..##≈##.
#≈..#..8#8..#..#........
###..#########..#........
#≈...........#..#########
##...#########..#...#Z#..
#§.∩.#.xxxx###..#..#...#.
##...#.##.####..#.##...##


You could see 4 small abominations, a wolf and 2 wolf simulacra.

Vanquished Creatures
  5 two-headed ogres
  The ghost of Tyszek the Spear-Bearer, a novice MiDe of Zin (D:8)
  A deep troll (shapeshifter) (D:8)
  A necromancer (Gauntlet)
  A gargoyle (D:10)
  A kobold demonologist (D:8)
  2 komodo dragons
  A troll (D:10)
  3 wyverns
  9 yaks
  6 spriggans (Bailey)
  A vampire (D:9)
  A wraith (D:9)
  2 basilisks (D:9)
  4 steam dragons
  2 acid dragons
  6 water moccasins
  An orc warrior (D:9)
  An ice beast (D:6)
  4 wolves (Gauntlet)
  6 ogres (Bailey)
  A centaur (D:9)
  A phantom (D:6)
  A kobold brigand (D:8)
  7 bullfrogs
  A gnoll sergeant (D:7)
  2 scorpions (D:6)
  10 wights
  3 howler monkeys (D:9)
  5 hounds
  2 orc priests
  Crazy Yiuf (D:6)
  2 jellies
  2 gnoll boudas
  2 sleepcaps
  5 iguanas
  Ijyb (D:3)
  7 orc wizards
  8 adders
  17 gnolls
  2 shadow imps (D:6)
  3 ufetubi
  2 worms
  4 dart slugs
  27 orcs
  6 bats
  9 endoplasms
  3 giant cockroaches
  10 goblins
  6 hobgoblins
  9 jackals
  4 quokkas
  6 ball pythons
  7 frilled lizards
  14 kobolds
  6 rats
255 creatures vanquished.

Vanquished Creatures (others)
  An orc (D:8)
1 creature vanquished.

Grand Total: 256 creatures vanquished

Notes
Turn   | Place    | Note
-------+----------+-------------------------------------------
     0 | D:1      | ChadusMaximus the Formicid Fighter began the quest for the
                  | Orb.
     0 | D:1      | Reached XP level 1. HP: 18/18 MP: 1/1
    40 | D:1      | Reached XP level 2. HP: 19/24 MP: 2/2
   371 | D:1      | Reached XP level 3. HP: 29/29 MP: 3/3
   482 | D:2      | Found Hyipiuk's Jewellery Shop.
   683 | D:2      | Identified the +0 pair of boots of Hioxtiqa {rF+ Regen+}
   742 | D:2      | Reached XP level 4. HP: 37/37 MP: 4/4
  1088 | D:2      | You fall into a shaft and drop 2 floors!
  1088 | D:4      | Found a blossoming altar of Fedhas.
  1120 | D:4      | Found an ornate altar of the Wu Jian Council.
  1506 | D:3      | Reached XP level 5. HP: 42/42 MP: 5/5
  1724 | D:3      | Noticed Ijyb
  1741 | D:3      | Killed Ijyb
  1742 | D:3      | Reached skill level 5 in Shields
  2015 | D:3      | Reached XP level 6. HP: 38/49 MP: 6/6
  2077 | D:4      | Found a basalt altar of Yredelemnul.
  2682 | D:5      | Entered Level 5 of the Dungeon
  2694 | D:5      | Reached XP level 7. HP: 55/55 MP: 7/7
  2775 | D:5      | Reached skill level 5 in Fighting
  2775 | D:5      | Reached skill level 5 in Armour
  2775 | D:5      | Reached skill level 6 in Shields
  3384 | D:5      | Found Lahotuif's Tremendous Tomes.
  3600 | D:6      | Reached XP level 8. HP: 61/63 MP: 8/8
  3874 | D:6      | Reached skill level 7 in Shields
  3963 | D:6      | Reached skill level 5 in Axes
  4093 | D:6      | Found a staircase to the Ecumenical Temple.
  4129 | Temple   | Entered the Ecumenical Temple
  4137 | Temple   | Became a worshipper of Warmaster Okawaru
  4364 | D:6      | Found a runed translucent door.
  4365 | D:6      | Noticed Crazy Yiuf
  4492 | D:6      | Killed Crazy Yiuf
  4587 | D:7      | Found Duvvoisi's Armour Shop.
  4594 | D:7      | Noticed a two-headed ogre
  4603 | D:7      | Killed a two-headed ogre
  4603 | D:7      | Reached * piety under Okawaru
  4604 | D:7      | Reached skill level 8 in Shields
  4604 | D:7      | Reached XP level 9. HP: 39/71 MP: 8/11
  4662 | D:7      | Found Xyitek's Jewellery Boutique.
  4662 | D:7      | Found Obrocvijiu's Assorted Antiques.
  4665 | D:7      | Found Daasekuf's Antique Armour Boutique.
  4666 | D:7      | Found Lerome's General Store.
  4685 | D:7      | Bought a glowing kite shield for 195 gold pieces
  4924 | D:7      | Reached ** piety under Okawaru
  4925 | D:7      | Reached skill level 5 in Invocations
  5385 | D:8      | Reached XP level 10. HP: 79/79 MP: 14/14
  5412 | D:8      | Found a runed translucent gate.
  5412 | D:8      | Found a runed translucent gate.
  5412 | D:8      | Found a runed translucent gate.
  5421 | D:8      | Found a flagged portal.
  5432 | Bailey   | Entered a bailey
  5450 | Bailey   | Reached skill level 9 in Shields
  5458 | Bailey   | Reached *** piety under Okawaru
  5505 | Bailey   | Identified the +5 flail of Unpleasantness {venom, rN+ rCorr
                  | Dex-4}
  5604 | Bailey   | Noticed a two-headed ogre
  5628 | Bailey   | Killed a two-headed ogre
  5843 | D:8      | Reached **** piety under Okawaru
  5844 | D:8      | Reached skill level 10 in Shields
  5974 | D:8      | Noticed a kobold demonologist
  6010 | D:8      | Noticed a two-headed ogre
  6021 | D:8      | Killed a two-headed ogre
  6022 | D:8      | Reached XP level 11. HP: 59/87 MP: 17/17
  6182 | D:8      | Identified the +0 ring mail of Xasmep Ypyh {rC+}
  6182 | D:8      | Noticed Tyszek's ghost (novice MiDe)
  6184 | D:8      | a guardian serpent changed into a manticore
  6184 | D:8      | Noticed a manticore (shapeshifter)
  6482 | D:8      | Noticed a lindwurm
  6484 | D:8      | a lindwurm changed into a steelbarb worm
  6484 | D:8      | Noticed a steelbarb worm (shapeshifter)
  6488 | D:8      | a steelbarb worm changed into a lindwurm
  6488 | D:8      | Noticed a lindwurm (shapeshifter)
  6499 | D:8      | a lindwurm changed into a deep troll
  6499 | D:8      | Noticed a deep troll (shapeshifter)
  6507 | D:8      | Killed Tyszek's ghost
  6516 | D:8      | Killed a deep troll
  6517 | D:8      | Reached skill level 11 in Shields
  6719 | D:8      | Gained mutation: You have hidden genetic defects. [a
                  | neqoxec]
  6815 | D:9      | Found an opulent altar of Gozag.
  6865 | D:9      | Noticed a two-headed ogre
  6877 | D:9      | Killed a two-headed ogre
  6885 | D:9      | Reached ***** piety under Okawaru
  7097 | D:9      | Gained mutation: You are dopey. (Int -2) [hidden defects]
  7645 | D:9      | Found a glowing silver altar of Zin.
  7645 | D:9      | Found a sparkling altar of Nemelex Xobeh.
  7652 | D:9      | Found a hazy altar of Hepliaklqana.
  7654 | D:9      | Found a sacrificial altar of Ru.
  7656 | D:9      | Found a faded altar of an unknown god.
  7796 | D:10     | Entered Level 10 of the Dungeon
  8017 | D:9      | Gained mutation: You are vulnerable to cold. (rC-) [hidden
                  | defects]
  8017 | D:9      | Lost mutation: You have hidden genetic defects. [hidden
                  | defects expressed]
  8049 | D:9      | Reached XP level 12. HP: 97/97 MP: 18/18
  8078 | D:10     | Noticed a two-headed ogre
  8090 | D:10     | Killed a two-headed ogre
  8091 | D:10     | Reached skill level 10 in Fighting
  8091 | D:10     | Reached skill level 10 in Armour
  8091 | D:10     | Reached skill level 12 in Shields
  8290 | D:10     | Reached skill level 1 in Throwing
  8348 | D:10     | Found a staircase to the Lair.
  8951 | D:11     | Found a gate leading to a gauntlet.
  8959 | Gauntlet | Entered a Gauntlet
  8959 | Gauntlet | Found a transporter.
  8959 | Gauntlet | Found a transporter.
  8971 | Gauntlet | Found a transporter.
  8989 | Gauntlet | Found a transporter.
  8989 | Gauntlet | Found a transporter.
  8990 | Gauntlet | Noticed a death scarab
  8991 | Gauntlet | Found a transporter.
  8991 | Gauntlet | Found a transporter.
  8992 | Gauntlet | Found a transporter.
  8993 | Gauntlet | Noticed an entropy weaver
  9003 | Gauntlet | Found a transporter.
  9019 | Gauntlet | Found a transporter.
  9020 | Gauntlet | Noticed a hell beast
  9027 | Gauntlet | Noticed a fire crab
  9029 | Gauntlet | Found a transporter.
  9043 | Gauntlet | Found a transporter.
  9063 | Gauntlet | Found a transporter.
  9075 | Gauntlet | Found a transporter.
  9315 | Gauntlet | Mangled by a wolf simulacrum

Illustrated notes

Levels and vault maps discovered:
D:1:      dpeg_arrival_simpleton_a, layout_rooms
D:2:      layout_loops_ring, serial_shops, shop, minmay_randomly_rotated_circles
D:3:      layout_loops_ring, uniq_ijyb
D:4:      layout_rooms, mainiacjoe_overflow_alcove_2,
          mainiacjoe_overflow_six_doors_small, mainiacjoe_overflow_brackets,
          nicolae_zen_rock_garden
D:5:      layout_cave_pods, nicolae_shop_i_like_big_books
D:6:      layout_loops_ring, minmay_temple_entry_tees, uniq_crazy_yiuf_cottage
D:7:      layout_loops_ring, serial_shops, shop, minmay_shop_grid_forest
D:8:      layout_basic, enter_bailey_3, gammafunk_ghost_split,
          minmay_lizard_king
D:9:      layout_stronghold, nicolae_gozag_seed_capital,
          chequers_temple_overflow_minitemple
D:10:     layout_basic, minmay_lair_entry_grove
D:11:     layout_loops_ring, orc_david_3, serial_shops, shop,
          gauntlet_entry_generic, minmay_alternating_orb
Temple:   nicolae_temple_two_arcs
Gauntlet: gammafunk_gauntlet_mixed_choke_point
          [minmay_gauntlet_arena_77_terracotta_army,
          minmay_gauntlet_arena_77_p_blocks, minmay_gauntlet_arena_77_box,
          gammafunk_gauntlet_arena_chambers,
          minmay_gauntlet_arena_77_radiant_squares,
          minmay_gauntlet_arena_77_fan, minmay_gauntlet_arena_77_broken_ladder,
          gauntlet_exit_watery]

Skill      XL: |  1  2  3  4  5  6  7  8  9 10 11 12 |
---------------+-------------------------------------+-----
Fighting       | 4 5 6 7 8 9 10 | 10.3
Armour         | 4 5 6 7 8 9 10 | 10.3
Axes           | 3 4 5 6 7 8 9 |  9.1
Shields        | 5 6 8 10 11 12 | 12.3
Invocations    | 3 6 8 |  8.0
Throwing       | 3 |  3.0

Action                     |  1- 3 |  4- 6 |  7- 9 | 10-12 || total
---------------------------+-------+-------+-------+-------++-------
  Melee: War axe           |    70 |   219 |   269 |    83 ||   641
         Flail             |       |       |       |   393 ||   393
 Invoke: Heroism           |       |       |       |    10 ||    10
         Finesse           |       |       |       |     1 ||     1
Ability: Dig               |       |       |     3 |     1 ||     4
    Use: Potion            |       |       |     1 |     1 ||     2
         Scroll            |       |       |     8 |     3 ||    11
 Armour: Scale mail        |    32 |   138 |    18 |       ||   188
         Chain mail        |       |       |   143 |    97 ||   240
         Plate armour      |       |       |       |   199 ||   199
  Dodge: Dodged            |    36 |   123 |   110 |   199 ||   468
  Block: Buckler           |    17 |    93 |    58 |       ||   168
         Kite shield       |       |       |    76 |   439 ||   515
